 Dungeon Crawl Stone Soup version 0.30.1-3-gfc49f6343a (webtiles) character file.

Game seed: 15278668323360643970

281 spardeous the Conjurer (level 5, -1/34 (38) HPs)
             Began as a Demigod Conjurer on Aug 9, 2023.
             Slain by a kobold brigand
             ... wielding a +2 dagger of draining
              (5 damage)
             ... in a sewer.
             The game lasted 00:03:23 (3921 turns).

spardeous the Conjurer (Demigod Conjurer)           Turns: 3921, Time: 00:03:24

HP:   -1/34 (38)    AC:  3    Str:  8    XL:     5   Next: 77%
MP:   8/14          EV: 12    Int: 24    God:
Gold: 155           SH:  0    Dex: 12    Spells: 9/12 levels left

rFire   . . .        c - +0 short sword
rCold   . . .        (no shield)
rNeg    . . .        a - +0 robe
rPois   .            i - +0 helmet
rElec   .            (no cloak)
rCorr   .            (no gloves)
SInv    .            (no boots)
Will    .....        (no amulet)
Stlth   +            q - +4 ring of slaying
HPRegen 0.25/turn    (no ring)
MPRegen 0.14/turn

%: no passive effects
@: slowed, heavily drained, very slow
A: high MP 1, forlorn, divine attributes
a: no special abilities


You were in a sewer.
You visited 1 branch of the dungeon, and saw 4 of its levels.
You also visited: Sewer.

You collected 155 gold pieces.

Inventory:

Hand Weapons
 c - a +0 short sword (weapon)
Armour
 a - a +0 robe (worn)
 i - a +0 helmet (worn)
Jewellery
 q - a +4 ring of slaying (left hand)
Scrolls
 f - a scroll of poison {unknown}
 g - 2 scrolls of enchant weapon {unknown}
 h - 2 scrolls of blinking {unknown}
 n - 4 scrolls of identify {unknown}
 p - a scroll of noise {unknown}
 r - a scroll of amnesia {unknown}
 u - 2 scrolls of teleportation {unknown}
Potions
 b - a potion of magic
 d - 2 potions of lignification {unknown}
 e - a potion of cancellation {unknown}
 j - a potion of might {unknown}
 k - 4 potions of curing
 l - a potion of flight {unknown}
 m - a potion of mutation {unknown}
 o - a potion of heal wounds {unknown}
 s - a potion of degeneration {unknown}
 t - a potion of brilliance {unknown}
 v - a potion of berserk rage {unknown}


   Skills:
 - Level 1.7 Dodging
 - Level 1.7 Stealth
 + Level 4.0 Spellcasting
 + Level 5.3 Conjurations


You had 9 spell levels left.
You knew the following spells:

 Your Spells              Type           Power      Damage    Failure   Level
a - Magic Dart            Conj           100%       1d8       1%          1
b - Searing Ray           Conj           60%        2d6       1%          2

Your spell library contained the following spells:

 Spells                   Type           Power      Damage    Failure   Level
 Dazzling Flash           Conj/Hex       34%        N/A       10%         3
 Fulminant Prism          Conj/Hex       8%         3d7       32%         4
 Iskenderun's Mystic Bla  Conj/Tloc      17%        2d5       32%         4


Dungeon Overview and Level Annotations

Branches:
Dungeon (4/15)              Sewer (1/1)
 Temple: D:4-7

Annotations:
D:4 Edmund


Innate Abilities, Weirdness & Mutations

You have an increased reservoir of magic. (+10% MP)
You shall have no god before yourself.
Your divine heritage dramatically boosts your attributes as you level up.


Message History

The searing ray hits the kobold brigand.
The kobold brigand is lightly wounded. (Press . to maintain the ray.)
You feel sick.
You are no longer poisoned.
You take 2 damage, and have 14/38 hp.
You now have 12/14 mp.
The searing ray misses the kobold brigand.
You now have 11/14 mp.
The searing ray hits the kobold brigand!
The kobold brigand is heavily wounded.
A kobold comes into view. It is wielding a +0 club.
You now have 10/14 mp.
Casting: Searing Ray (safe; 1% risk of failure)
Confirm with . or Enter, or press ? or * to list all spells.
Restarting spell: Searing Ray (safe; 1% risk of failure)
Press: ? - help, Shift-Dir - straight line, f/p - kobold brigand
Aim: a kobold brigand, wielding a +2 dagger of draining and quivering curare-tipped darts (heavily wounded, 74% to hit)
The searing ray hits the kobold brigand.
The kobold brigand is severely wounded. (Press . to maintain the ray.)
The kobold shouts!
The kobold brigand completely misses you.
The kobold brigand hits you with a +2 dagger of draining.
* * * LOW HITPOINT WARNING * * *
You feel drained.
* * * LOW HITPOINT WARNING * * *
You take 6 damage, and have 9/37 hp.
You now have 8/14 mp.
The searing ray hits the kobold brigand.
The kobold brigand is almost dead.
The kobold brigand hits you with a +2 dagger of draining.
* * * LOW HITPOINT WARNING * * *
You feel drained.
* * * LOW HITPOINT WARNING * * *
You take 8 damage, and have 1/36 hp.
MASSIVE DAMAGE!!
It was a potion of curing.
You feel better.
The kobold brigand hits you with a +2 dagger of draining.
* * * LOW HITPOINT WARNING * * *
You feel drained.
The kobold brigand hits you with a +2 dagger of draining.
You die...

)†..#####.....# ?. ..~##
##..~## ~# #~## ##~## .#
#~# #~# .# #~# #~# .#
#~## ##~## ##.## ..~##
##..~## ##~~~##
∩..~#####...~.####..~..#
~∩.~≈≈≈≈≈~....†~@KK~...#
.~..#####.~~..####....~#
.~.## ##.~~## ##...##
#≈## ##≈## ##≈## #≈# #≈#
≈# #≈# ≈≈# ≈# #≈# ##≈#
≈# #≈# #≈# .~ .~


You could see a kobold brigand and a kobold.

Vanquished Creatures
  A hound (D:3)
  Jessica (D:2)
  6 gnolls
  5 adders
  2 river rats (D:4)
  2 worms
  A dart slug (D:3)
  An orc (D:3)
  7 ball pythons
  3 endoplasms
  6 giant cockroaches
  15 goblins
  17 hobgoblins
  10 kobolds
  3 quokkas
  4 bats
  5 frilled lizards
  5 rats
94 creatures vanquished.

Notes
Turn   | Place    | Note
-------+----------+-------------------------------------------
     0 | D:1      | spardeous the Demigod Conjurer began the quest for the Orb.
     0 | D:1      | Reached XP level 1. HP: 14/14 MP: 5/5
   338 | D:1      | Reached XP level 2. HP: 20/20 MP: 3/7
   526 | D:1      | Reached skill level 4 in Conjurations
  1107 | D:2      | Reached XP level 3. HP: 26/26 MP: 6/9
  1165 | D:2      | Learned a level 2 spell: Searing Ray
  1440 | D:2      | Noticed Jessica
  1453 | D:2      | Killed Jessica
  1454 | D:2      | Reached XP level 4. HP: 33/33 MP: 6/11
  2723 | D:3      | Reached skill level 5 in Conjurations
  2723 | D:3      | Reached XP level 5. HP: 25/38 MP: 5/13
  3543 | D:4      | Noticed Edmund
  3647 | D:4      | Found a glowing drain.
  3680 | Sewer    | Entered a sewer
  3920 | Sewer    | HP: 1/36 [kobold brigand/+2 dagger of draining (3)]
  3921 | Sewer    | Slain by a kobold brigand

Illustrated notes

Levels and vault maps discovered:
D:1:      psy_arrival_conway, layout_basic
D:2:      kennysheep_the_goblin_king, layout_basic, uniq_jessica
D:3:      corexii_shack_village, layout_loops_ring,
          mainiacjoe_overflow_six_doors_small, serial_bayou,
          serial_bayou_lake_a, serial_bayou_pond_b, serial_bayou_pond_c,
          serial_bayou_pond_d
D:4:      layout_loops_ring, nicolae_overflow_hidden_temple,
          overflow_temple_1_default, cheibrodos_sewer_entry_sluice,
          saegor_snake_ambush, uniq_edmund
Sewer:    sewer_co_15_rooms

Skill      XL: |  1  2  3  4  5 |
---------------+----------------+-----
Spellcasting   | 2 3 4 |  4.0
Conjurations   | 4 5 |  5.3
Dodging        | |  1.7
Stealth        | |  1.7

Action                     |  1- 3 |  4- 6 || total
---------------------------+-------+-------++-------
  Melee: Unarmed           |     1 |       ||     1
         Short sword       |     8 |       ||     8
   Cast: Magic Dart        |    82 |    86 ||   168
         Searing Ray       |       |    12 ||    12
    Use: Potion            |       |     1 ||     1
 Armour: Robe              |     6 |     4 ||    10
  Dodge: Dodged            |     3 |    28 ||    31
